 Dungeon Crawl Stone Soup version 0.32-a0-909-gc671339a80 (webtiles) character file.

Game seed: 9611416586416710952

35060 Tollund the Grappler (level 13, -7/124 HPs)
             Began as a Troll Fighter on Apr 6, 2024.
             Was an Elder of Wu Jian.
             Mangled by a death yak (25 damage)
             ... on level 5 of the Lair of Beasts.
             The game lasted 00:29:32 (12654 turns).

Tollund the Grappler (Troll Fighter)               Turns: 12654, Time: 00:29:32

Health: -7/124     AC:  8    Str: 30    XL:     13   Next: 45%
Magic:  18/18      EV:  7    Int: 11    God:    Wu Jian [****..]
Gold:   780        SH: 18    Dex:  9    Spells: 6/21 levels left

rFire   . .          .
                       - Unarmed
rCold   . . .        B - +5 tower shield of Violets {Will+++ Str+3 Slay+4}
rNeg    . . .        J - +0 acid dragon scales
rPois   +            (helmet currently unavailable)
rElec   .            (cloak currently unavailable)
rCorr   +            (gloves unavailable)
SInv    .            (boots unavailable)
Will    +++..        A - amulet "Jobbix" {Acrobat Rampage Int+3}
Stlth   +            P - ring of poison resistance
HPRegen 1.20/turn    Z - ring of wizardry
MPRegen 0.16/turn

%: acrobat, rampage, wizardry (x1)
@: beast-form
A: beast (slay +4), large, unfitting armour, claws 3, regeneration 1, shaggy fur
1, tough skin 1
a: Begin Untransformation, Renounce Religion, Wall Jump, Serpent's Lash


You were on level 5 of the Lair of Beasts.
You worshipped Wu Jian.
Wu Jian was greatly pleased with you.
You were a hulking beast.
You visited 3 branches of the dungeon, and saw 16 of its levels.

You collected 780 gold pieces.


Innate Abilities, Weirdness & Mutations

You are a hulking beast.
Your limbs bulge with bestial killing power. (Slay +4)
You are too large for most types of armour.
You have claws for hands.
Your natural rate of healing is unusually fast.
You are covered in fur. (AC +1)
You have tough skin. (AC +1)


   Skills:
 + Level 7.1 Fighting
 - Level 5.4 Dodging
 + Level 7.7 Shields
 * Level 11.4 Unarmed Combat
 + Level 4.6 Spellcasting
 + Level 5.6 Conjurations
 + Level 1.2 Air Magic
 + Level 5.5 Alchemy
 - Level 4.0 Evocations
 * Level 7.8 Shapeshifting


You had 6 spell levels left.
You knew the following spells:

 Your Spells              Type           Power      Damage    Failure   Level
a - Apportation           Tloc           4%         N/A       32%         1
c - Mephitic Cloud        Conj/Alch/Air  11%        N/A       19%         3
m - Summon Small Mammal   Summ           8%         N/A       32%         1
n - Necrotise             Necr           8%         1d4       32%         1
s - Sting                 Conj/Alch      56%        1d6       3%          1
A - Curse of Agony        Necr           2%         N/A       100%        5
X - Maxwell's Portable P  Tloc           2%         2d(5-14)  69%         3

Your spell library contained the following spells:

 Spells                   Type           Power      Damage    Failure   Level
 Freeze                   Ice            8%         1d3       32%         1
 Dazzling Flash           Conj/Hex       16%        N/A       32%         3
 Hailstorm                Conj/Ice       8%         3d5       32%         3
 Frozen Ramparts          Ice            4%         1d1       69%         3
 Sigil of Binding         Hex            2%         N/A       69%         3
 Summon Ice Beast         Ice/Summ       2%         N/A       69%         3
 Leda's Liquefaction      Alch/Erth      4%         N/A       69%         4
 Arcjolt                  Conj/Air       5%         1d15      90%         5
 Silence                  Hex/Air        1%         N/A       99%         5
 Lee's Rapid Deconstruct  Erth           1%         3d4*      100%        5
 Summon Mana Viper        Hex/Summ       2%         N/A       100%        5
 Death Channel            Necr           1%         N/A       100%        6
 Dispersal                Tloc           1%         N/A       100%        6
 Gell's Gavotte           Tloc           1%         2d(11-17) 100%        6
 Permafrost Eruption      Ice/Erth       1%         2x4d1     100%        6
 Sculpt Simulacrum        Ice/Alch       4%         N/A       100%        6
 Manifold Assault         Tloc           1%         N/A       100%        7
 Monstrous Menagerie      Summ           1%         N/A       100%        7
 Disjunction              Tloc           1%         N/A       100%        8
 Maxwell's Capacitive Co  Air            2%         ∞         100%        8

Inventory:

Missiles
 Q - a throwing net {=f!f}
Armour
 B - the +5 tower shield of Violets (worn) {Will+++ Str+3 Slay+4}
   (You acquired it on level 10 of the Dungeon)

   Str+3:     It affects your strength (+3).
   Slay+4:    It affects your accuracy & damage with ranged weapons and melee
   (+4).
   Will+++:   It greatly increases your willpower.
 J - +0 acid dragon scales (worn)
   (You found it on level 7 of the Dungeon)
Jewellery
 A - the amulet "Jobbix" (around neck) {Acrobat Rampage Int+3}
   (You found it on level 9 of the Dungeon)

   [amulet of the acrobat]

   Acrobat:   It increases your evasion while moving and waiting.
   Int+3:     It affects your intelligence (+3).
   Rampage:   It bestows one free step when moving towards enemies.
 C - a ring of protection from cold
   (You found it on level 1 of the Lair of Beasts)
 P - a ring of poison resistance (left claw)
   (You found it on level 1 of the Dungeon)
 Z - a ring of wizardry (right claw)
   (You found it on level 1 of the Lair of Beasts)
Talismans
 e - a maw talisman
   (You found it on level 1 of the Lair of Beasts)
 x - a beast talisman (active)
   (You found it on level 5 of the Dungeon)
 G - a blade talisman
   (You found it on level 6 of the Dungeon)
Wands
 p - a wand of charming (9)
   (You found it on level 2 of the Lair of Beasts)
 v - a wand of digging (14)
   (You found it on level 4 of the Dungeon)
 z - a wand of warping (15)
   (You found it on level 5 of the Dungeon)
 D - a wand of polymorph (13)
   (You found it on level 6 of the Dungeon)
 K - a wand of flame (21)
   (You found it on level 8 of the Dungeon)
Scrolls
 b - a scroll of poison {unknown}
 d - 4 scrolls of amnesia
 h - 3 scrolls of vulnerability {unknown}
 i - 6 scrolls of revelation
 l - a scroll of fog
 m - a scroll of fear
 o - 2 scrolls of torment {!r}
 t - 10 scrolls of teleportation {@r4}
 y - 4 scrolls of enchant weapon {unknown}
 F - a scroll of immolation {!r!r}
 H - 2 scrolls of summoning
 M - a scroll of brand weapon
 N - 3 scrolls of blinking {unknown}
 O - 2 scrolls of noise {unknown}
 R - a scroll of identify {@r1}
Potions
 a - 2 potions of attraction {unknown}
 c - 4 potions of might
 f - 2 potions of lignification {unknown}
 g - 6 potions of heal wounds {unknown}
 j - a potion of ambrosia {unknown}
 n - 9 potions of curing {unknown}
 q - 4 potions of mutation {unknown}
 r - 2 potions of degeneration {unknown}
 s - 3 potions of haste {unknown}
 u - 2 potions of brilliance {unknown}
 w - a potion of enlightenment {unknown}
 E - 2 potions of cancellation {unknown}
 I - 3 potions of magic {unknown}
 L - 2 potions of invisibility {unknown}
Miscellaneous
 k - a box of beasts
   (You found it on level 1 of the Lair of Beasts)

Dungeon Overview and Level Annotations

Branches:
Dungeon (10/15) Zot: 26006  Temple (1/1) D:4 Zot: 5978    Lair (5/5) D:10 Zot: 25559
  Swamp (0/4) Lair:3       Spider (0/4) Lair:2          Orc (0/2) D:10
  Slime: Lair:4-5

Altars:
Ashenzari
Cheibriados
Dithmenos
Elyvilon
Fedhas
Gozag
Hepliaklqana
Kikubaaqudgha
Makhleb
Nemelex Xobeh
Okawaru
Qazlal
Ru
Sif Muna
Trog
Uskayaw
Vehumet
Wu Jian
Xom
Yredelemnul
Zin
The Shining One

Shops:
D:10 (

Portals:
Abyss: Lair:2

Annotations:
D:5 1 runed translucent door, bigdog255's ghost, novice SpEn

.P.#...#........
.................
..?...............
.......~~.~.......
...#..~≈~≈~~......
..~.~~~≈≈≈≈~~^....
#~.~≈≈≈~≈≈≈~.....
#~≈≈≈~Y~~≈~~...#
#~≈≈~.hY~†~~....
#~~≈≈~..≈≈~.~..#
....~≈≈≈≈~~~~~.P..
....~≈≈≈≈≈~≈~.....
....~~~~~~~.~.....
........~.........
...............#..
................#.
~~~~..........#.


You could see 2 death yaks.


Message History

😎 HP[+27]
Your hp is fully restored (124).
Partly explored, can't reach some places.
There is a stone staircase leading down here.
You climb downwards.
The water moccasin hisses angrily.
The death yak bellows! x2
The polar bear growls angrily.
There is a stone staircase leading up here.
No reachable target in view!
A death yak and a wolf come into view.
The death yak bellows!
You enter the shallow water.
You block the water moccasin's attack.
There is a stone staircase leading up here.
You enter the shallow water. 2 wolves come into view.
You spin and attack the water moccasin.
You barely miss the water moccasin.
You spin and attack the polar bear repeatedly.
The wolf howls!
You mangle the polar bear!! x2
You kill the polar bear!
The Council accepts your kill.
You block the water moccasin's attack. x2
You spin and attack the water moccasin.
You claw the water moccasin! You block the water moccasin's attack.
There is a stone staircase leading up here.
You spin and attack the wolf.
You mangle the wolf!!
You block the wolf's attack. x2; You block the death yak's attack.
You spin and attack the water moccasin.
You closely miss the water moccasin.
You spin and attack the wolf.
You mangle the wolf!!
You kill the wolf!
The Council accepts your kill.
The water moccasin bites you. x2 😕 HP[-6]
You take 6 damage, and now have 118/124 hp.
You rampage towards the death yak!
You lunge at the death yak.
You claw the death yak!
You spin and attack the water moccasin.
You mangle the water moccasin!!
You kill the water moccasin!
The Council accepts your kill.
You spin and attack the death yak.
You mangle the death yak!!
You scratch the death yak but do no damage.
You block the death yak's attack. The death yak gores you!! 😕 HP[-23]
You take 23 damage, and now have 95/124 hp.
You rampage towards the wolf!
You enter the shallow water.
You lunge at the wolf.
You scratch the wolf.
You spin and attack the death yak.
You scratch the death yak.
You spin and attack the death yak.
You scratch the death yak but do no damage.
You mangle the wolf!!
You kill the wolf!
The Council accepts your kill. The death yak gores you.
The death yak gores you!! 😮 HP[-23]
You take 23 damage, and now have 72/124 hp.
You spin and attack the death yak.
You mangle the death yak!!
You spin and attack the death yak.
You scratch the death yak.
The death yak snorts and paws the water.
The death yak gores you!
* * * LOW HITPOINT WARNING * * *
The death yak gores you!!
* * * LOW HITPOINT WARNING * * *
Things that are here:
a wolf corpse; a polar bear corpse; 😨 HP[-29]
You take 29 damage, and now have 43/124 hp.
MASSIVE DAMAGE!! (PAUSE)
You spin and attack the death yak.
You scratch the death yak.
You spin and attack the wolf repeatedly.
You scratch the wolf. You mangle the wolf!!
You kill the wolf!
The Council accepts your kill.
There is a stone staircase leading up, spattered with blood here. 😨 HP[+1]
You spin and attack the death yak.
You barely miss the death yak. 😨 HP[+2]
You regained 2 hp, and now have 46/124 hp.
You enter the shallow water.
You spin and attack the death yak.
You mangle the death yak!!
You block the death yak's attack. 😨 HP[+1]
You spin and attack the death yak.
You barely miss the death yak.
You spin and attack the death yak.
You barely miss the death yak. The death yak gores you!
* * * LOW HITPOINT WARNING * * *
You block the death yak's attack. 😨 HP[-14]
You take 14 damage, and now have 33/124 hp.
You scratch the death yak but do no damage.
The death yak barely misses you.
You block the death yak's attack. 😨 HP[+1]
You mangle the death yak!!
You kill the death yak!
The Council accepts your kill.
You block the death yak's attack. x2 😨 HP[+1]
You spin and attack the death yak.
You barely miss the death yak.
You spin and attack the death yak.
You scratch the death yak. The death yak gores you!!
* * * LOW HITPOINT WARNING * * *
The death yak gores you!!
You die...

Skill      XL: |  1  2  3  4  5  6  7  8  9 10 11 12 13 |
---------------+----------------------------------------+-----
Shields        | 3 4 5 6 7 |  7.7
Unarmed Combat | 3 4 5 6 7 8 9 10 11 | 11.4
Dodging        | 3 4 5 |  5.4
Fighting       | 3 4 5 6 7 |  7.1
Conjurations   | 1 2 3 4 5 |  5.6
Alchemy        | 1 2 3 4 5 |  5.5
Spellcasting   | 1 2 3 4 |  4.6
Shapeshifting  | 1 2 3 4 5 7 |  7.8
Evocations     | 1 2 3 4 |  4.0
Air Magic      | 1 |  1.2

Action                     |  1- 3 |  4- 6 |  7- 9 | 10-12 | 13-15 || total
---------------------------+-------+-------+-------+-------+-------++-------
  Melee: Unarmed           |    86 |   147 |   371 |   546 |   143 ||  1293
  Throw: Stone             |     4 |       |       |       |       ||     4
   Cast: Sting             |       |     6 |    19 |    13 |       ||    38
 Invoke: Serpent's Lash    |       |       |       |     8 |     2 ||    10
         Heavenly Storm    |       |       |       |       |     1 ||     1
Ability: Lunge             |       |     1 |    20 |    45 |     9 ||    75
         Whirlwind         |       |       |    76 |   173 |    51 ||   300
         Wall Jump         |       |       |     2 |     4 |       ||     6
  Evoke: Wand              |       |       |       |     9 |       ||     9
         Box of beasts     |       |       |       |     1 |       ||     1
    Use: Scroll            |       |       |     2 |    11 |       ||    13
   Stab: Sleeping          |     2 |     2 |       |       |       ||     4
         Confused          |       |       |       |     1 |       ||     1
 Armour: Robe              |    39 |    90 |   100 |       |       ||   229
         Acid dragon scale |       |       |    69 |   253 |    55 ||   377
  Dodge: Dodged            |    36 |    45 |    79 |    86 |    13 ||   259
  Block: Kite shield       |    34 |    42 |   160 |    48 |       ||   284
         Reflection        |       |       |     7 |       |       ||     7
         Tower shield      |       |       |       |   341 |    97 ||   438
   Form: Beast             |       |     1 |       |       |       ||     1

Levels and vault maps discovered:
D:1:      shiori_arrival_oz, layout_basic, kennysheep_nondescript
D:2:      layout_basic, kennysheep_jessica_study
D:3:      layout_basic, minmay_checkerbox
D:4:      layout_basic, chequers_temple_overflow_minitemple,
          minmay_temple_entry_slanted
D:5:      layout_cave_pools, lemuel_crystal_altar, ebering_ghost_inner_flame
D:6:      layout_loops_cross
D:7:      layout_basic, uniq_duvessa
D:8:      layout_rooms, mainiacjoe_overflow_big_doors
D:9:      layout_grid_maze, lightli_wizard_tower, uniq_jeremiah
D:10:     layout_long_grid, grunt_lair_entry_orc_guard_hut, hiddenorc2_lemuel,
          serial_shops, shop
Temple:   eino_temple_scatter_basement
Lair:1:   layout_loops_ring, infiniplex_staircase_pool
Lair:2:   layout_cave_pods, hellmonk_spider_entry_not_the_bees, basic_altar,
          gammafunk_ghost_abyssal_escape, chequers_serial_rivers_micro_a
Lair:3:   dreamdust_labyrinth, layout_chaotic_city, palyth_hydra_swamp_entry,
          maelrawn_ghost_gauntlet_escape, grunt_megastairs_4
Lair:4:   layout_cave_pods, serial_bayou, serial_bayou_shore_a,
          serial_bayou_crossing, serial_bayou_lagoon_a, serial_bayou_shore_b,
          serial_bayou_ford_a
Lair:5:   gammafunk_lair_ancient_temple, layout_gridlike,
          dpeg_slime_entry_enclosed, infiniplex_staircase_pool_2

Notes
Turn   | Place    | Note
-------+----------+-------------------------------------------
     0 | D:1      | Tollund the Troll Fighter began the quest for the Orb.
     0 | D:1      | Reached XP level 1. HP: 22/22 MP: 0/0
     0 | D:1      | magus.rc [v1.11.7]
   152 | D:1      | Reached XP level 2. HP: 29/29 MP: 1/1
   334 | D:1      | You fall into a shaft and drop 1 floor!
   476 | D:1      | Reached skill level 3 in Shields
   476 | D:1      | Reached XP level 3. HP: 36/36 MP: 2/2
   926 | D:2      | Reached skill level 3 in Unarmed Combat
  1038 | D:2      | Noticed Jessica
  1045 | D:2      | Killed Jessica
  1046 | D:2      | Reached XP level 4. HP: 44/44 MP: 3/3
  1807 | D:3      | Reached skill level 3 in Dodging
  1809 | D:3      | Reached skill level 3 in Fighting
  1930 | D:3      | Reached XP level 5. HP: 41/53 MP: 4/4
  1941 | D:3      | Identified the +8 quarterstaff "Gerhio" {flame, Dex+2}
  2173 | D:3      | You add the spells Sting, Necrotise, Summon Small Mammal
                  | and Apportation to your library.
  2176 | D:3      | Learned a level 1 spell: Apportation
  2178 | D:3      | Learned a level 1 spell: Necrotise
  2180 | D:3      | Learned a level 1 spell: Sting
  2182 | D:3      | Learned a level 1 spell: Summon Small Mammal
  2810 | D:4      | Reached skill level 4 in Unarmed Combat
  2855 | D:4      | You add the spells Freeze, Frozen Ramparts and Hailstorm to
                  | your library.
  2944 | D:4      | Reached XP level 6. HP: 61/61 MP: 5/5
  2950 | D:4      | You add the spells Sigil of Binding, Sculpt Simulacrum and
                  | Death Channel to your library.
  2957 | D:4      | Found a staircase to the Ecumenical Temple.
  2964 | Temple   | Entered the Ecumenical Temple
  2975 | Temple   | Became a worshipper of the Wu Jian Council
  3050 | D:4      | HP: 10/61 [orc priest/divine providence (15)]
  3055 | D:4      | HP: 8/61 [something (3)]
  3060 | D:4      | HP: 11/61 [orc/+0 hand axe (3)]
  3440 | D:4      | Found a faded altar of an unknown god.
  3440 | D:4      | Found a faded altar of an unknown god.
  3448 | D:4      | Found an ancient bone altar of Kikubaaqudgha.
  3450 | D:4      | Found a hide-covered altar of Uskayaw.
  3452 | D:4      | Found a bloodstained altar of Trog.
  3491 | D:5      | Entered Level 5 of the Dungeon
  3560 | D:5      | Reached skill level 1 in Conjurations
  3560 | D:5      | Reached XP level 7. HP: 56/67 MP: 5/7
  3564 | D:5      | Reached skill level 1 in Alchemy
  3564 | D:5      | Reached * piety under Wu Jian
  3579 | D:5      | Reached skill level 1 in Spellcasting
  3590 | D:5      | Found a runed translucent door.
  3592 | D:5      | Noticed bigdog255's ghost (novice SpEn)
  3592 | D:5      | Noticed a troll
  3648 | D:5      | Found an opulent altar of Gozag.
  3690 | D:5      | Reached skill level 5 in Unarmed Combat
  3958 | D:5      | Reached skill level 4 in Shields
  3958 | D:5      | Reached skill level 1 in Shapeshifting
  4193 | D:6      | Reached XP level 8. HP: 40/78 MP: 8/8
  4349 | D:6      | Reached skill level 1 in Evocations
  4393 | D:6      | Reached skill level 4 in Dodging
  4698 | D:6      | Reached skill level 2 in Conjurations
  4756 | D:6      | Reached skill level 4 in Fighting
  4756 | D:6      | Reached skill level 2 in Shapeshifting
  4799 | D:6      | Reached skill level 6 in Unarmed Combat
  4799 | D:6      | Reached skill level 2 in Alchemy
  4881 | D:6      | Reached ** piety under Wu Jian
  4998 | D:7      | Noticed Duvessa
  5004 | D:7      | Noticed Dowan
  5012 | D:7      | Killed Dowan
  5014 | D:7      | Killed Duvessa
  5083 | D:7      | Reached XP level 9. HP: 80/84 MP: 10/10
  5243 | D:7      | You add the spells Dazzling Flash, Mephitic Cloud, Curse of
                  | Agony and Silence to your library.
  5248 | D:7      | Learned a level 3 spell: Mephitic Cloud
  5310 | D:7      | Reached skill level 2 in Spellcasting
  5395 | D:7      | Reached skill level 2 in Evocations
  5780 | D:8      | Identified the +4 flail of Baman {freeze, rElec Int+3}
  5846 | D:8      | Reached skill level 5 in Shields
  5901 | D:8      | Reached skill level 7 in Unarmed Combat
  5901 | D:8      | Reached skill level 3 in Shapeshifting
  5939 | D:8      | Reached *** piety under Wu Jian
  6188 | D:8      | Found a radiant altar of Vehumet.
  6210 | D:8      | Found a shimmering blue altar of Sif Muna.
  6309 | D:9      | Noticed Jeremiah
  6321 | D:8      | Reached skill level 3 in Conjurations
  6360 | D:9      | Killed Jeremiah
  6470 | D:9      | Reached XP level 10. HP: 79/93 MP: 12/12
  6579 | D:9      | Reached skill level 3 in Alchemy
  6688 | D:9      | Reached skill level 5 in Dodging
  6909 | D:9      | Noticed a two-headed ogre
  6916 | D:9      | Killed a two-headed ogre
  6917 | D:9      | Reached skill level 5 in Fighting
  7049 | D:9      | Identified the amulet "Jobbix" {Acrobat Rampage Int+3}
  7150 | D:9      | Noticed an arcanist
  7159 | D:9      | Killed an arcanist
  7160 | D:9      | Reached skill level 8 in Unarmed Combat
  7160 | D:9      | Reached skill level 3 in Evocations
  7171 | D:9      | You add the spells Maxwell's Portable Piledriver, Arcjolt
                  | and Maxwell's Capacitive Coupling to your library.
  7176 | D:9      | Learned a level 3 spell: Maxwell's Portable Piledriver
  7226 | D:10     | Entered Level 10 of the Dungeon
  7233 | D:10     | Reached skill level 4 in Shapeshifting
  7241 | D:10     | Reached **** piety under Wu Jian
  7389 | D:10     | Found a staircase to the Lair.
  7389 | D:10     | Noticed an elephant
  7397 | D:10     | Killed an elephant
  7398 | D:10     | Reached skill level 3 in Spellcasting
  7460 | D:10     | Identified a scroll of acquirement
  7461 | D:10     | Acquired the +5 tower shield of Violets {Will+++ Str+3
                  | Slay+4}
  7511 | D:10     | Noticed a two-headed ogre
  7518 | D:10     | Killed a two-headed ogre
  7519 | D:10     | Reached XP level 11. HP: 81/104 MP: 14/14
  7525 | D:10     | Learned a level 5 spell: Curse of Agony
  7563 | D:10     | Found a staircase to the Orcish Mines.
  7637 | D:10     | Reached ***** piety under Wu Jian
  7680 | D:10     | Reached skill level 6 in Shields
  7711 | D:10     | Found Soew's Antique Weapon Emporium.
  7738 | D:10     | You add the spells Leda's Liquefaction, Lee's Rapid
                  | Deconstruction and Permafrost Eruption to your library.
  7982 | D:10     | Noticed a two-headed ogre
  7987 | D:10     | Killed a two-headed ogre
  7988 | D:10     | Reached skill level 4 in Conjurations
  8104 | Lair:1   | Entered Level 1 of the Lair of Beasts
  8104 | Lair:1   | Noticed a four-headed hydra
  8134 | D:10     | Killed a seven-headed hydra
  8135 | D:10     | Reached skill level 4 in Alchemy
  8198 | Lair:1   | Reached skill level 9 in Unarmed Combat
  8276 | Lair:1   | Reached skill level 5 in Shapeshifting
  8283 | Lair:1   | You add the spells Summon Ice Beast, Summon Mana Viper and
                  | Monstrous Menagerie to your library.
  8492 | Lair:1   | Reached skill level 4 in Evocations
  8547 | Lair:1   | Reached skill level 6 in Fighting
  8962 | Lair:2   | Found a transporter.
  8969 | Lair:2   | Noticed jamsaran's ghost (journeyman TeSu)
  8986 | Lair:2   | Found a transporter.
  8995 | Lair:2   | Found a hole to the Spider Nest.
  9054 | Lair:2   | Reached XP level 12. HP: 85/114 MP: 16/16
  9343 | Lair:2   | Identified the +7 dagger of Anxiety {holy, rN+ rCorr Str+4
                  | Dex-2}
  9505 | Lair:2   | Found a one-way gate to the infinite horrors of the Abyss.
  9515 | Lair:2   | Found an iron altar of Okawaru.
  9708 | Lair:2   | Reached skill level 10 in Unarmed Combat
  9790 | Lair:2   | Noticed a great orb of eyes
  9818 | Lair:2   | Killed jamsaran's ghost
  9819 | Lair:2   | Reached skill level 6 in Shapeshifting
  9820 | Lair:2   | Killed a great orb of eyes
  9872 | Lair:2   | Reached skill level 4 in Spellcasting
  9926 | Lair:2   | You add the spells Gell's Gavotte, Dispersal, Manifold
                  | Assault and Disjunction to your library.
 10014 | Lair:3   | Reached skill level 7 in Shields
 10028 | Lair:3   | Reached skill level 5 in Conjurations
 10145 | Lair:3   | Reached skill level 5 in Alchemy
 10290 | Lair:3   | Found a runed translucent gate.
 10291 | Lair:3   | Found a runed translucent gate.
 10292 | Lair:3   | Found a runed translucent gate.
 10313 | Lair:3   | Noticed zewo's ghost (journeyman HuEE)
 10314 | Lair:3   | Noticed a minotaur
 10366 | Lair:3   | Noticed a four-headed hydra
 10373 | Lair:3   | Killed a nine-headed hydra
 10522 | Lair:3   | Reached skill level 7 in Shapeshifting
 10665 | Lair:3   | Found a runed translucent door.
 10754 | Lair:3   | Noticed a four-headed hydra
 10768 | Lair:3   | HP: 25/115 [ten-headed hydra (11)]
 10768 | Lair:3   | HP: 7/115 [ten-headed hydra (6)]
 10771 | Lair:3   | Killed an 11-headed hydra
 10772 | Lair:3   | Reached XP level 13. HP: 12/123 MP: 18/18
 10866 | Lair:3   | Found a staircase to the Swamp.
 11308 | Lair:3   | Reached skill level 11 in Unarmed Combat
 11309 | Lair:3   | Killed a minotaur
 11312 | Lair:3   | Killed zewo's ghost
 11476 | Lair:3   | Noticed a minotaur
 11486 | Lair:3   | Killed a minotaur
 11718 | Lair:4   | Reached skill level 7 in Fighting
 11983 | Lair:4   | Reached skill level 1 in Air Magic
 12636 | Lair:5   | Entered Level 5 of the Lair of Beasts
 12654 | Lair:5   | HP: 18/124 [death yak (18)]
 12654 | Lair:5   | Mangled by a death yak

Vanquished Creatures
  2 minotaurs (Lair:3)
  The ghost of jamsaran the Destroyer, a journeyman TeSu of Nemelex Xobeh (Lair:2)
  The ghost of zewo the Geomancer, a journeyman HuEE of Gozag (Lair:3)
  A great orb of eyes (Lair:2)
  4 hydras
  A death yak (Lair:5)
  3 two-headed ogres
  An arcanist (D:9)
  10 elephants
  An oklob plant (Lair:3)
  A meliai (Lair:2)
  A torpor snail (Lair:3)
  4 black mambas
  A cane toad (shapeshifter) (Lair:2)
  11 cane toads
  A kobold demonologist (D:10)
  4 komodo dragons
  A rime drake (Lair:2)
  Jeremiah (D:9)
  An ancient zyme (Lair:2)
  3 polar bears
  2 hornets
  A tyrant leech (Lair:3)
  11 blink frogs
  3 dream sheep (Lair:3)
  5 wyverns
  A spriggan (Lair:2)
  8 yaks
  3 vampire mosquitoes (D:10)
  2 neqoxecs (Lair:2)
  A chaos spawn (Lair:2)
  2 acid dragons
  Duvessa (D:7)
  2 swamp worms (Lair:3)
  11 water moccasins
  7 orc warriors
  2 ice beasts (D:6)
  2 black bears
  A sky beast (D:6)
  22 wolves
  2 ogres
  3 centaurs
  A phantom (D:5)
  14 bullfrogs
  5 kobold brigands
  5 scorpions
  5 wights (D:9)
  Dowan (D:7)
  8 killer bees
  3 howler monkeys (D:7)
  4 electric eels
  A crimson imp (D:9)
  A bombardier beetle (D:4)
  6 orc priests
  3 hounds (D:6)
  2 jellies
  8 iguanas
  Jessica (D:2)
  9 orc wizards
  6 gnolls (D:3)
  7 adders
  3 shadow imps
  3 white imps (D:6)
  6 ufetubi
  A ribbon worm (D:3)
  3 dart slugs
  69 orcs
  4 ball pythons
  8 endoplasms
  2 giant cockroaches
  3 goblins
  11 hobgoblins
  4 jackals (D:2)
  7 quokkas
  4 bats (D:1)
  4 frilled lizards
  19 kobolds
  6 rats (D:1)
393 creatures vanquished.

Vanquished Creatures (others)
  An orc wizard (D:7)
1 creature vanquished.

Grand Total: 394 creatures vanquished

Table legend:
 A = Non-vault XP
 B = Vault XP
 C = Vault XP percentage of total XP
 D = Non-vault monster count
 E = Vault monster count
 F = Vault count percentage of total count
                 A         B        C        D         E       F
            +---------+---------+-------+---------+---------+-------
      Total |   36375 |   13712 |  27.4 |     315 |      79 |  20.1
            +---------+---------+-------+---------+---------+-------
        D:1 |      43 |       3 |   6.5 |      27 |       2 |   6.9
        D:2 |      57 |      39 |  40.6 |      17 |       2 |  10.5
        D:3 |     101 |      20 |  16.5 |      14 |       4 |  22.2
        D:4 |     380 |       0 |   0.0 |      27 |       0 |   0.0
        D:5 |     501 |       0 |   0.0 |      20 |       0 |   0.0
        D:6 |    1285 |       0 |   0.0 |      22 |       0 |   0.0
        D:7 |    1136 |     226 |  16.6 |      20 |       2 |   9.1
        D:8 |     996 |       0 |   0.0 |      24 |       0 |   0.0
        D:9 |    2709 |    1047 |  27.9 |      22 |       3 |  12.0
       D:10 |    4678 |    1558 |  25.0 |      30 |      39 |  56.5
     Lair:1 |    5956 |       0 |   0.0 |      18 |       0 |   0.0
     Lair:2 |    3585 |    3886 |  52.0 |      19 |      10 |  34.5
     Lair:3 |    8532 |    6933 |  44.8 |      31 |      17 |  35.4
     Lair:4 |    4796 |       0 |   0.0 |      18 |       0 |   0.0
     Lair:5 |    1620 |       0 |   0.0 |       6 |       0 |   0.0
            +---------+---------+-------+---------+---------+-------

Skill      XL: |  1  2  3  4  5  6  7  8  9 10 11 12 13 |
---------------+----------------------------------------+-----
Shields        | 3 4 5 6 7 |  7.7
Unarmed Combat | 3 4 5 6 7 8 9 10 11 | 11.4
Dodging        | 3 4 5 |  5.4
Fighting       | 3 4 5 6 7 |  7.1
Conjurations   | 1 2 3 4 5 |  5.6
Alchemy        | 1 2 3 4 5 |  5.5
Spellcasting   | 1 2 3 4 |  4.6
Shapeshifting  | 1 2 3 4 5 7 |  7.8
Evocations     | 1 2 3 4 |  4.0
Air Magic      | 1 |  1.2

Action                     |  1- 3 |  4- 6 |  7- 9 | 10-12 | 13-15 || total
---------------------------+-------+-------+-------+-------+-------++-------
  Melee: Unarmed           |    86 |   147 |   371 |   546 |   143 ||  1293
  Throw: Stone             |     4 |       |       |       |       ||     4
   Cast: Sting             |       |     6 |    19 |    13 |       ||    38
 Invoke: Serpent's Lash    |       |       |       |     8 |     2 ||    10
         Heavenly Storm    |       |       |       |       |     1 ||     1
Ability: Lunge             |       |     1 |    20 |    45 |     9 ||    75
         Whirlwind         |       |       |    76 |   173 |    51 ||   300
         Wall Jump         |       |       |     2 |     4 |       ||     6
  Evoke: Wand              |       |       |       |     9 |       ||     9
         Box of beasts     |       |       |       |     1 |       ||     1
    Use: Scroll            |       |       |     2 |    11 |       ||    13
   Stab: Sleeping          |     2 |     2 |       |       |       ||     4
         Confused          |       |       |       |     1 |       ||     1
 Armour: Robe              |    39 |    90 |   100 |       |       ||   229
         Acid dragon scale |       |       |    69 |   253 |    55 ||   377
  Dodge: Dodged            |    36 |    45 |    79 |    86 |    13 ||   259
  Block: Kite shield       |    34 |    42 |   160 |    48 |       ||   284
         Reflection        |       |       |     7 |       |       ||     7
         Tower shield      |       |       |       |   341 |    97 ||   438
   Form: Beast             |       |     1 |       |       |       ||     1

Illustrated notes

Table legend:
 A = Kills in this place as a percentage of kills in the entire game.
 B = Kills by you in this place as a percentage of kills by you in the entire game.
 C = Kills by friends in this place as a percentage of kills by friends in the entire game.
 D = Other kills in this place as a percentage of other kills in the entire game.
 E = Experience gained in this place as a percentage of experience gained in the entire game.
 F = Experience gained in this place divided by the number of levels of this place that you have seen.
                   A       B       C       D       E      F
               +-------+-------+-------+-------+-------+----------------------
         Total | 100.0 | 100.0 |   N/A | 100.0 | 100.0 | 3130.4
       Dungeon |  69.8 |  69.7 |   N/A | 100.0 |  29.5 | 1477.9
          Lair |  30.2 |  30.3 |   N/A |   0.0 |  70.5 | 7061.6
               +-------+-------+-------+-------+-------+----------------------

Table legend: (Time is in decaauts)
 A = Elapsed time spent in this place.
 B = Non-inter-level travel time spent in this place.
 C = Inter-level travel time spent in this place.
 D = Time resting spent in this place.
 E = Time spent auto-exploring this place.
 F = Levels seen in this place.
 G = Mean time per level.
                   A        B        C        D        E       F      G
               +--------+--------+--------+--------+--------+-----+--------+
         Total |  12663 |  12109 |    554 |    255 |   9631 |  16 |  791.4 |
       Dungeon |   8202 |   7829 |    373 |     53 |   6214 |  10 |  820.2 |
        Temple |     21 |      5 |     16 |      0 |      0 |   1 |   21.0 |
          Lair |   4439 |   4274 |    165 |    202 |   3417 |   5 |  887.8 |
               +--------+--------+--------+--------+--------+-----+--------+

Top non-repeatable levels by time:
  Lair:3: 1692 daAuts
     D:2: 1138 daAuts
  Lair:2: 1116 daAuts
    D:10: 993 daAuts
     D:9: 965 daAuts
     D:3: 963 daAuts
  Lair:4: 934 daAuts
     D:6: 909 daAuts
     D:7: 727 daAuts
     D:1: 703 daAuts
  Lair:1: 678 daAuts
     D:4: 676 daAuts
     D:5: 594 daAuts
     D:8: 531 daAuts
  Temple: 21 daAuts
